Workbook

Sheet Clientes
A1: nombre | B1: telefono | C1: email | D1: saldo | E1: estatus | F1: nit_o_cedula | G1: vencido | H1: facturas_abiertas
A2: Ferretería El Tornillo S.A.S. | B2: +57 310 456 7890 | C2: cartera@ejemplo.com | D2: =IF(A2="","",SUMIFS(Facturas!$G$2:$G$301,Facturas!$A$2:$A$301,A2)) | E2: =IF(A2="","",IF(G2>0,"vencido","activo")) | F2: 900.481.226-3 | G2: =IF(A2="","",SUMIFS(Facturas!$G$2:$G$301,Facturas!$A$2:$A$301,A2,Facturas!$H$2:$H$301,">0")) | H2: =IF(A2="","",COUNTIFS(Facturas!$A$2:$A$301,A2,Facturas!$G$2:$G$301,">0"))
A3: Distribuciones Andina Ltda. | B3: +57 601 745 2210 | C3: pagos@ejemplo.com | D3: =IF(A3="","",SUMIFS(Facturas!$G$2:$G$301,Facturas!$A$2:$A$301,A3)) | E3: =IF(A3="","",IF(G3>0,"vencido","activo")) | F3: 830.112.954-1 | G3: =IF(A3="","",SUMIFS(Facturas!$G$2:$G$301,Facturas!$A$2:$A$301,A3,Facturas!$H$2:$H$301,">0")) | H3: =IF(A3="","",COUNTIFS(Facturas!$A$2:$A$301,A3,Facturas!$G$2:$G$301,">0"))
A4: Laura Restrepo Gómez | B4: +57 300 123 4567 | C4: laura.restrepo@ejemplo.com | D4: =IF(A4="","",SUMIFS(Facturas!$G$2:$G$301,Facturas!$A$2:$A$301,A4)) | E4: =IF(A4="","",IF(G4>0,"vencido","activo")) | F4: C.C. 43.876.512 | G4: =IF(A4="","",SUMIFS(Facturas!$G$2:$G$301,Facturas!$A$2:$A$301,A4,Facturas!$H$2:$H$301,">0")) | H4: =IF(A4="","",COUNTIFS(Facturas!$A$2:$A$301,A4,Facturas!$G$2:$G$301,">0"))
A5: Constructora Los Cerros S.A.S. | B5: +57 315 222 8899 | C5: tesoreria@ejemplo.com | D5: =IF(A5="","",SUMIFS(Facturas!$G$2:$G$301,Facturas!$A$2:$A$301,A5)) | E5: =IF(A5="","",IF(G5>0,"vencido","activo")) | F5: 901.256.778-9 | G5: =IF(A5="","",SUMIFS(Facturas!$G$2:$G$301,Facturas!$A$2:$A$301,A5,Facturas!$H$2:$H$301,">0")) | H5: =IF(A5="","",COUNTIFS(Facturas!$A$2:$A$301,A5,Facturas!$G$2:$G$301,">0"))
A6: Café La Montaña | B6: +57 320 654 3210 | D6: =IF(A6="","",SUMIFS(Facturas!$G$2:$G$301,Facturas!$A$2:$A$301,A6)) | E6: =IF(A6="","",IF(G6>0,"vencido","activo")) | F6: 900.997.310-2 | G6: =IF(A6="","",SUMIFS(Facturas!$G$2:$G$301,Facturas!$A$2:$A$301,A6,Facturas!$H$2:$H$301,">0")) | H6: =IF(A6="","",COUNTIFS(Facturas!$A$2:$A$301,A6,Facturas!$G$2:$G$301,">0"))
D7: =IF(A7="","",SUMIFS(Facturas!$G$2:$G$301,Facturas!$A$2:$A$301,A7)) | E7: =IF(A7="","",IF(G7>0,"vencido","activo")) | G7: =IF(A7="","",SUMIFS(Facturas!$G$2:$G$301,Facturas!$A$2:$A$301,A7,Facturas!$H$2:$H$301,">0")) | H7: =IF(A7="","",COUNTIFS(Facturas!$A$2:$A$301,A7,Facturas!$G$2:$G$301,">0"))
D8: =IF(A8="","",SUMIFS(Facturas!$G$2:$G$301,Facturas!$A$2:$A$301,A8)) | E8: =IF(A8="","",IF(G8>0,"vencido","activo")) | G8: =IF(A8="","",SUMIFS(Facturas!$G$2:$G$301,Facturas!$A$2:$A$301,A8,Facturas!$H$2:$H$301,">0")) | H8: =IF(A8="","",COUNTIFS(Facturas!$A$2:$A$301,A8,Facturas!$G$2:$G$301,">0"))
D9: =IF(A9="","",SUMIFS(Facturas!$G$2:$G$301,Facturas!$A$2:$A$301,A9)) | E9: =IF(A9="","",IF(G9>0,"vencido","activo")) | G9: =IF(A9="","",SUMIFS(Facturas!$G$2:$G$301,Facturas!$A$2:$A$301,A9,Facturas!$H$2:$H$301,">0")) | H9: =IF(A9="","",COUNTIFS(Facturas!$A$2:$A$301,A9,Facturas!$G$2:$G$301,">0"))
D10: =IF(A10="","",SUMIFS(Facturas!$G$2:$G$301,Facturas!$A$2:$A$301,A10)) | E10: =IF(A10="","",IF(G10>0,"vencido","activo")) | G10: =IF(A10="","",SUMIFS(Facturas!$G$2:$G$301,Facturas!$A$2:$A$301,A10,Facturas!$H$2:$H$301,">0")) | H10: =IF(A10="","",COUNTIFS(Facturas!$A$2:$A$301,A10,Facturas!$G$2:$G$301,">0"))
D11: =IF(A11="","",SUMIFS(Facturas!$G$2:$G$301,Facturas!$A$2:$A$301,A11)) | E11: =IF(A11="","",IF(G11>0,"vencido","activo")) | G11: =IF(A11="","",SUMIFS(Facturas!$G$2:$G$301,Facturas!$A$2:$A$301,A11,Facturas!$H$2:$H$301,">0")) | H11: =IF(A11="","",COUNTIFS(Facturas!$A$2:$A$301,A11,Facturas!$G$2:$G$301,">0"))
D12: =IF(A12="","",SUMIFS(Facturas!$G$2:$G$301,Facturas!$A$2:$A$301,A12)) | E12: =IF(A12="","",IF(G12>0,"vencido","activo")) | G12: =IF(A12="","",SUMIFS(Facturas!$G$2:$G$301,Facturas!$A$2:$A$301,A12,Facturas!$H$2:$H$301,">0")) | H12: =IF(A12="","",COUNTIFS(Facturas!$A$2:$A$301,A12,Facturas!$G$2:$G$301,">0"))
D13: =IF(A13="","",SUMIFS(Facturas!$G$2:$G$301,Facturas!$A$2:$A$301,A13)) | E13: =IF(A13="","",IF(G13>0,"vencido","activo")) | G13: =IF(A13="","",SUMIFS(Facturas!$G$2:$G$301,Facturas!$A$2:$A$301,A13,Facturas!$H$2:$H$301,">0")) | H13: =IF(A13="","",COUNTIFS(Facturas!$A$2:$A$301,A13,Facturas!$G$2:$G$301,">0"))
D14: =IF(A14="","",SUMIFS(Facturas!$G$2:$G$301,Facturas!$A$2:$A$301,A14)) | E14: =IF(A14="","",IF(G14>0,"vencido","activo")) | G14: =IF(A14="","",SUMIFS(Facturas!$G$2:$G$301,Facturas!$A$2:$A$301,A14,Facturas!$H$2:$H$301,">0")) | H14: =IF(A14="","",COUNTIFS(Facturas!$A$2:$A$301,A14,Facturas!$G$2:$G$301,">0"))
D15: =IF(A15="","",SUMIFS(Facturas!$G$2:$G$301,Facturas!$A$2:$A$301,A15)) | E15: =IF(A15="","",IF(G15>0,"vencido","activo")) | G15: =IF(A15="","",SUMIFS(Facturas!$G$2:$G$301,Facturas!$A$2:$A$301,A15,Facturas!$H$2:$H$301,">0")) | H15: =IF(A15="","",COUNTIFS(Facturas!$A$2:$A$301,A15,Facturas!$G$2:$G$301,">0"))
D16: =IF(A16="","",SUMIFS(Facturas!$G$2:$G$301,Facturas!$A$2:$A$301,A16)) | E16: =IF(A16="","",IF(G16>0,"vencido","activo")) | G16: =IF(A16="","",SUMIFS(Facturas!$G$2:$G$301,Facturas!$A$2:$A$301,A16,Facturas!$H$2:$H$301,">0")) | H16: =IF(A16="","",COUNTIFS(Facturas!$A$2:$A$301,A16,Facturas!$G$2:$G$301,">0"))
D17: =IF(A17="","",SUMIFS(Facturas!$G$2:$G$301,Facturas!$A$2:$A$301,A17)) | E17: =IF(A17="","",IF(G17>0,"vencido","activo")) | G17: =IF(A17="","",SUMIFS(Facturas!$G$2:$G$301,Facturas!$A$2:$A$301,A17,Facturas!$H$2:$H$301,">0")) | H17: =IF(A17="","",COUNTIFS(Facturas!$A$2:$A$301,A17,Facturas!$G$2:$G$301,">0"))
D18: =IF(A18="","",SUMIFS(Facturas!$G$2:$G$301,Facturas!$A$2:$A$301,A18)) | E18: =IF(A18="","",IF(G18>0,"vencido","activo")) | G18: =IF(A18="","",SUMIFS(Facturas!$G$2:$G$301,Facturas!$A$2:$A$301,A18,Facturas!$H$2:$H$301,">0")) | H18: =IF(A18="","",COUNTIFS(Facturas!$A$2:$A$301,A18,Facturas!$G$2:$G$301,">0"))
... D61: =IF(A61="","",SUMIFS(Facturas!$G$2:$G$301,Facturas!$A$2:$A$301,A61)) | E61: =IF(A61="","",IF(G61>0,"vencido","activo")) | G61: =IF(A61="","",SUMIFS(Facturas!$G$2:$G$301,Facturas!$A$2:$A$301,A61,Facturas!$H$2:$H$301,">0")) | H61: =IF(A61="","",COUNTIFS(Facturas!$A$2:$A$301,A61,Facturas!$G$2:$G$301,">0"))

Sheet Facturas
A1: cliente | B1: documento | C1: fecha_emision | D1: fecha_vencimiento | E1: valor | F1: abonos | G1: saldo | H1: dias_vencidos | I1: edad | J1: ultimo_contacto | K1: canal | L1: compromiso | M1: fecha_compromiso
A2: Ferretería El Tornillo S.A.S. | B2: FE-1021 | C2: 46285 | D2: 46315 | E2: 4850000 | F2: 0 | G2: =IF(A2="","",N(E2)-N(F2)) | H2: =IF(A2="","",IF(G2<=0,0,MAX(0,Ajustes!$B$1-D2))) | I2: =IF(A2="","",IF(G2<=0,"Pagada",IF(H2=0,"Corriente",IF(H2<=30,"1 a 30",IF(H2<=60,"31 a 60",IF(H2<=90,"61 a 90","Más de 90"))))))
A3: Ferretería El Tornillo S.A.S. | B3: FE-0987 | C3: 46262 | D3: 46292 | E3: 3200000 | F3: 1000000 | G3: =IF(A3="","",N(E3)-N(F3)) | H3: =IF(A3="","",IF(G3<=0,0,MAX(0,Ajustes!$B$1-D3))) | I3: =IF(A3="","",IF(G3<=0,"Pagada",IF(H3=0,"Corriente",IF(H3<=30,"1 a 30",IF(H3<=60,"31 a 60",IF(H3<=90,"61 a 90","Más de 90")))))) | J3: 46301 | K3: WhatsApp | L3: Paga el saldo el viernes | M3: 46311
A4: Distribuciones Andina Ltda. | B4: FE-0955 | C4: 46233 | D4: 46263 | E4: 12600000 | F4: 0 | G4: =IF(A4="","",N(E4)-N(F4)) | H4: =IF(A4="","",IF(G4<=0,0,MAX(0,Ajustes!$B$1-D4))) | I4: =IF(A4="","",IF(G4<=0,"Pagada",IF(H4=0,"Corriente",IF(H4<=30,"1 a 30",IF(H4<=60,"31 a 60",IF(H4<=90,"61 a 90","Más de 90")))))) | J4: 46297 | K4: Correo | L4: Factura retenida en tesorería; piden copia | M4: 46304
A5: Distribuciones Andina Ltda. | B5: FE-1003 | C5: 46270 | D5: 46300 | E5: 7400000 | F5: 0 | G5: =IF(A5="","",N(E5)-N(F5)) | H5: =IF(A5="","",IF(G5<=0,0,MAX(0,Ajustes!$B$1-D5))) | I5: =IF(A5="","",IF(G5<=0,"Pagada",IF(H5=0,"Corriente",IF(H5<=30,"1 a 30",IF(H5<=60,"31 a 60",IF(H5<=90,"61 a 90","Más de 90"))))))
A6: Laura Restrepo Gómez | B6: CC-014 | C6: 46193 | D6: 46223 | E6: 2300000 | F6: 500000 | G6: =IF(A6="","",N(E6)-N(F6)) | H6: =IF(A6="","",IF(G6<=0,0,MAX(0,Ajustes!$B$1-D6))) | I6: =IF(A6="","",IF(G6<=0,"Pagada",IF(H6=0,"Corriente",IF(H6<=30,"1 a 30",IF(H6<=60,"31 a 60",IF(H6<=90,"61 a 90","Más de 90")))))) | J6: 46294 | K6: Llamada | L6: Acuerdo: 3 cuotas de $600.000 | M6: 46325
A7: Constructora Los Cerros S.A.S. | B7: FE-0890 | C7: 46157 | D7: 46187 | E7: 18900000 | F7: 6000000 | G7: =IF(A7="","",N(E7)-N(F7)) | H7: =IF(A7="","",IF(G7<=0,0,MAX(0,Ajustes!$B$1-D7))) | I7: =IF(A7="","",IF(G7<=0,"Pagada",IF(H7=0,"Corriente",IF(H7<=30,"1 a 30",IF(H7<=60,"31 a 60",IF(H7<=90,"61 a 90","Más de 90")))))) | J7: 46296 | K7: Carta | L7: Carta de cobro prejurídico enviada
A8: Constructora Los Cerros S.A.S. | B8: FE-1030 | C8: 46296 | D8: 46326 | E8: 9750000 | F8: 0 | G8: =IF(A8="","",N(E8)-N(F8)) | H8: =IF(A8="","",IF(G8<=0,0,MAX(0,Ajustes!$B$1-D8))) | I8: =IF(A8="","",IF(G8<=0,"Pagada",IF(H8=0,"Corriente",IF(H8<=30,"1 a 30",IF(H8<=60,"31 a 60",IF(H8<=90,"61 a 90","Más de 90"))))))
A9: Café La Montaña | B9: FE-0999 | C9: 46266 | D9: 46296 | E9: 1150000 | F9: 1150000 | G9: =IF(A9="","",N(E9)-N(F9)) | H9: =IF(A9="","",IF(G9<=0,0,MAX(0,Ajustes!$B$1-D9))) | I9: =IF(A9="","",IF(G9<=0,"Pagada",IF(H9=0,"Corriente",IF(H9<=30,"1 a 30",IF(H9<=60,"31 a 60",IF(H9<=90,"61 a 90","Más de 90")))))) | J9: 46296 | K9: WhatsApp | L9: Pagada
A10: Café La Montaña | B10: FE-0942 | C10: 46213 | D10: 46243 | E10: 2480000 | F10: 0 | G10: =IF(A10="","",N(E10)-N(F10)) | H10: =IF(A10="","",IF(G10<=0,0,MAX(0,Ajustes!$B$1-D10))) | I10: =IF(A10="","",IF(G10<=0,"Pagada",IF(H10=0,"Corriente",IF(H10<=30,"1 a 30",IF(H10<=60,"31 a 60",IF(H10<=90,"61 a 90","Más de 90")))))) | J10: 46290 | K10: WhatsApp | L10: Sin respuesta
G11: =IF(A11="","",N(E11)-N(F11)) | H11: =IF(A11="","",IF(G11<=0,0,MAX(0,Ajustes!$B$1-D11))) | I11: =IF(A11="","",IF(G11<=0,"Pagada",IF(H11=0,"Corriente",IF(H11<=30,"1 a 30",IF(H11<=60,"31 a 60",IF(H11<=90,"61 a 90","Más de 90"))))))
G12: =IF(A12="","",N(E12)-N(F12)) | H12: =IF(A12="","",IF(G12<=0,0,MAX(0,Ajustes!$B$1-D12))) | I12: =IF(A12="","",IF(G12<=0,"Pagada",IF(H12=0,"Corriente",IF(H12<=30,"1 a 30",IF(H12<=60,"31 a 60",IF(H12<=90,"61 a 90","Más de 90"))))))
G13: =IF(A13="","",N(E13)-N(F13)) | H13: =IF(A13="","",IF(G13<=0,0,MAX(0,Ajustes!$B$1-D13))) | I13: =IF(A13="","",IF(G13<=0,"Pagada",IF(H13=0,"Corriente",IF(H13<=30,"1 a 30",IF(H13<=60,"31 a 60",IF(H13<=90,"61 a 90","Más de 90"))))))
G14: =IF(A14="","",N(E14)-N(F14)) | H14: =IF(A14="","",IF(G14<=0,0,MAX(0,Ajustes!$B$1-D14))) | I14: =IF(A14="","",IF(G14<=0,"Pagada",IF(H14=0,"Corriente",IF(H14<=30,"1 a 30",IF(H14<=60,"31 a 60",IF(H14<=90,"61 a 90","Más de 90"))))))
G15: =IF(A15="","",N(E15)-N(F15)) | H15: =IF(A15="","",IF(G15<=0,0,MAX(0,Ajustes!$B$1-D15))) | I15: =IF(A15="","",IF(G15<=0,"Pagada",IF(H15=0,"Corriente",IF(H15<=30,"1 a 30",IF(H15<=60,"31 a 60",IF(H15<=90,"61 a 90","Más de 90"))))))
G16: =IF(A16="","",N(E16)-N(F16)) | H16: =IF(A16="","",IF(G16<=0,0,MAX(0,Ajustes!$B$1-D16))) | I16: =IF(A16="","",IF(G16<=0,"Pagada",IF(H16=0,"Corriente",IF(H16<=30,"1 a 30",IF(H16<=60,"31 a 60",IF(H16<=90,"61 a 90","Más de 90"))))))
G17: =IF(A17="","",N(E17)-N(F17)) | H17: =IF(A17="","",IF(G17<=0,0,MAX(0,Ajustes!$B$1-D17))) | I17: =IF(A17="","",IF(G17<=0,"Pagada",IF(H17=0,"Corriente",IF(H17<=30,"1 a 30",IF(H17<=60,"31 a 60",IF(H17<=90,"61 a 90","Más de 90"))))))
G18: =IF(A18="","",N(E18)-N(F18)) | H18: =IF(A18="","",IF(G18<=0,0,MAX(0,Ajustes!$B$1-D18))) | I18: =IF(A18="","",IF(G18<=0,"Pagada",IF(H18=0,"Corriente",IF(H18<=30,"1 a 30",IF(H18<=60,"31 a 60",IF(H18<=90,"61 a 90","Más de 90"))))))
G19: =IF(A19="","",N(E19)-N(F19)) | H19: =IF(A19="","",IF(G19<=0,0,MAX(0,Ajustes!$B$1-D19))) | I19: =IF(A19="","",IF(G19<=0,"Pagada",IF(H19=0,"Corriente",IF(H19<=30,"1 a 30",IF(H19<=60,"31 a 60",IF(H19<=90,"61 a 90","Más de 90"))))))
G20: =IF(A20="","",N(E20)-N(F20)) | H20: =IF(A20="","",IF(G20<=0,0,MAX(0,Ajustes!$B$1-D20))) | I20: =IF(A20="","",IF(G20<=0,"Pagada",IF(H20=0,"Corriente",IF(H20<=30,"1 a 30",IF(H20<=60,"31 a 60",IF(H20<=90,"61 a 90","Más de 90"))))))
G21: =IF(A21="","",N(E21)-N(F21)) | H21: =IF(A21="","",IF(G21<=0,0,MAX(0,Ajustes!$B$1-D21))) | I21: =IF(A21="","",IF(G21<=0,"Pagada",IF(H21=0,"Corriente",IF(H21<=30,"1 a 30",IF(H21<=60,"31 a 60",IF(H21<=90,"61 a 90","Más de 90"))))))
G22: =IF(A22="","",N(E22)-N(F22)) | H22: =IF(A22="","",IF(G22<=0,0,MAX(0,Ajustes!$B$1-D22))) | I22: =IF(A22="","",IF(G22<=0,"Pagada",IF(H22=0,"Corriente",IF(H22<=30,"1 a 30",IF(H22<=60,"31 a 60",IF(H22<=90,"61 a 90","Más de 90"))))))
... G301: =IF(A301="","",N(E301)-N(F301)) | H301: =IF(A301="","",IF(G301<=0,0,MAX(0,Ajustes!$B$1-D301))) | I301: =IF(A301="","",IF(G301<=0,"Pagada",IF(H301=0,"Corriente",IF(H301<=30,"1 a 30",IF(H301<=60,"31 a 60",IF(H301<=90,"61 a 90","Más de 90"))))))

Sheet Edades
A1: Cartera por edades
A2: Saldos por cliente según los días vencidos a la fecha de corte de Ajustes.
A3: Fecha de corte: | B3: =Ajustes!B1
A5: Cliente | B5: Corriente | C5: 1 a 30 | D5: 31 a 60 | E5: 61 a 90 | F5: Más de 90 | G5: Total
A6: =IF(Clientes!A2="","",Clientes!A2) | B6: =IF($A6="","",SUMIFS(Facturas!$G$2:$G$301,Facturas!$A$2:$A$301,$A6,Facturas!$H$2:$H$301,"0")) | C6: =IF($A6="","",SUMIFS(Facturas!$G$2:$G$301,Facturas!$A$2:$A$301,$A6,Facturas!$H$2:$H$301,">=1",Facturas!$H$2:$H$301,"<=30")) | D6: =IF($A6="","",SUMIFS(Facturas!$G$2:$G$301,Facturas!$A$2:$A$301,$A6,Facturas!$H$2:$H$301,">=31",Facturas!$H$2:$H$301,"<=60")) | E6: =IF($A6="","",SUMIFS(Facturas!$G$2:$G$301,Facturas!$A$2:$A$301,$A6,Facturas!$H$2:$H$301,">=61",Facturas!$H$2:$H$301,"<=90")) | F6: =IF($A6="","",SUMIFS(Facturas!$G$2:$G$301,Facturas!$A$2:$A$301,$A6,Facturas!$H$2:$H$301,">90")) | G6: =IF($A6="","",SUM(B6:F6))
A7: =IF(Clientes!A3="","",Clientes!A3) | B7: =IF($A7="","",SUMIFS(Facturas!$G$2:$G$301,Facturas!$A$2:$A$301,$A7,Facturas!$H$2:$H$301,"0")) | C7: =IF($A7="","",SUMIFS(Facturas!$G$2:$G$301,Facturas!$A$2:$A$301,$A7,Facturas!$H$2:$H$301,">=1",Facturas!$H$2:$H$301,"<=30")) | D7: =IF($A7="","",SUMIFS(Facturas!$G$2:$G$301,Facturas!$A$2:$A$301,$A7,Facturas!$H$2:$H$301,">=31",Facturas!$H$2:$H$301,"<=60")) | E7: =IF($A7="","",SUMIFS(Facturas!$G$2:$G$301,Facturas!$A$2:$A$301,$A7,Facturas!$H$2:$H$301,">=61",Facturas!$H$2:$H$301,"<=90")) | F7: =IF($A7="","",SUMIFS(Facturas!$G$2:$G$301,Facturas!$A$2:$A$301,$A7,Facturas!$H$2:$H$301,">90")) | G7: =IF($A7="","",SUM(B7:F7))
A8: =IF(Clientes!A4="","",Clientes!A4) | B8: =IF($A8="","",SUMIFS(Facturas!$G$2:$G$301,Facturas!$A$2:$A$301,$A8,Facturas!$H$2:$H$301,"0")) | C8: =IF($A8="","",SUMIFS(Facturas!$G$2:$G$301,Facturas!$A$2:$A$301,$A8,Facturas!$H$2:$H$301,">=1",Facturas!$H$2:$H$301,"<=30")) | D8: =IF($A8="","",SUMIFS(Facturas!$G$2:$G$301,Facturas!$A$2:$A$301,$A8,Facturas!$H$2:$H$301,">=31",Facturas!$H$2:$H$301,"<=60")) | E8: =IF($A8="","",SUMIFS(Facturas!$G$2:$G$301,Facturas!$A$2:$A$301,$A8,Facturas!$H$2:$H$301,">=61",Facturas!$H$2:$H$301,"<=90")) | F8: =IF($A8="","",SUMIFS(Facturas!$G$2:$G$301,Facturas!$A$2:$A$301,$A8,Facturas!$H$2:$H$301,">90")) | G8: =IF($A8="","",SUM(B8:F8))
A9: =IF(Clientes!A5="","",Clientes!A5) | B9: =IF($A9="","",SUMIFS(Facturas!$G$2:$G$301,Facturas!$A$2:$A$301,$A9,Facturas!$H$2:$H$301,"0")) | C9: =IF($A9="","",SUMIFS(Facturas!$G$2:$G$301,Facturas!$A$2:$A$301,$A9,Facturas!$H$2:$H$301,">=1",Facturas!$H$2:$H$301,"<=30")) | D9: =IF($A9="","",SUMIFS(Facturas!$G$2:$G$301,Facturas!$A$2:$A$301,$A9,Facturas!$H$2:$H$301,">=31",Facturas!$H$2:$H$301,"<=60")) | E9: =IF($A9="","",SUMIFS(Facturas!$G$2:$G$301,Facturas!$A$2:$A$301,$A9,Facturas!$H$2:$H$301,">=61",Facturas!$H$2:$H$301,"<=90")) | F9: =IF($A9="","",SUMIFS(Facturas!$G$2:$G$301,Facturas!$A$2:$A$301,$A9,Facturas!$H$2:$H$301,">90")) | G9: =IF($A9="","",SUM(B9:F9))
A10: =IF(Clientes!A6="","",Clientes!A6) | B10: =IF($A10="","",SUMIFS(Facturas!$G$2:$G$301,Facturas!$A$2:$A$301,$A10,Facturas!$H$2:$H$301,"0")) | C10: =IF($A10="","",SUMIFS(Facturas!$G$2:$G$301,Facturas!$A$2:$A$301,$A10,Facturas!$H$2:$H$301,">=1",Facturas!$H$2:$H$301,"<=30")) | D10: =IF($A10="","",SUMIFS(Facturas!$G$2:$G$301,Facturas!$A$2:$A$301,$A10,Facturas!$H$2:$H$301,">=31",Facturas!$H$2:$H$301,"<=60")) | E10: =IF($A10="","",SUMIFS(Facturas!$G$2:$G$301,Facturas!$A$2:$A$301,$A10,Facturas!$H$2:$H$301,">=61",Facturas!$H$2:$H$301,"<=90")) | F10: =IF($A10="","",SUMIFS(Facturas!$G$2:$G$301,Facturas!$A$2:$A$301,$A10,Facturas!$H$2:$H$301,">90")) | G10: =IF($A10="","",SUM(B10:F10))
A11: =IF(Clientes!A7="","",Clientes!A7) | B11: =IF($A11="","",SUMIFS(Facturas!$G$2:$G$301,Facturas!$A$2:$A$301,$A11,Facturas!$H$2:$H$301,"0")) | C11: =IF($A11="","",SUMIFS(Facturas!$G$2:$G$301,Facturas!$A$2:$A$301,$A11,Facturas!$H$2:$H$301,">=1",Facturas!$H$2:$H$301,"<=30")) | D11: =IF($A11="","",SUMIFS(Facturas!$G$2:$G$301,Facturas!$A$2:$A$301,$A11,Facturas!$H$2:$H$301,">=31",Facturas!$H$2:$H$301,"<=60")) | E11: =IF($A11="","",SUMIFS(Facturas!$G$2:$G$301,Facturas!$A$2:$A$301,$A11,Facturas!$H$2:$H$301,">=61",Facturas!$H$2:$H$301,"<=90")) | F11: =IF($A11="","",SUMIFS(Facturas!$G$2:$G$301,Facturas!$A$2:$A$301,$A11,Facturas!$H$2:$H$301,">90")) | G11: =IF($A11="","",SUM(B11:F11))
A12: =IF(Clientes!A8="","",Clientes!A8) | B12: =IF($A12="","",SUMIFS(Facturas!$G$2:$G$301,Facturas!$A$2:$A$301,$A12,Facturas!$H$2:$H$301,"0")) | C12: =IF($A12="","",SUMIFS(Facturas!$G$2:$G$301,Facturas!$A$2:$A$301,$A12,Facturas!$H$2:$H$301,">=1",Facturas!$H$2:$H$301,"<=30")) | D12: =IF($A12="","",SUMIFS(Facturas!$G$2:$G$301,Facturas!$A$2:$A$301,$A12,Facturas!$H$2:$H$301,">=31",Facturas!$H$2:$H$301,"<=60")) | E12: =IF($A12="","",SUMIFS(Facturas!$G$2:$G$301,Facturas!$A$2:$A$301,$A12,Facturas!$H$2:$H$301,">=61",Facturas!$H$2:$H$301,"<=90")) | F12: =IF($A12="","",SUMIFS(Facturas!$G$2:$G$301,Facturas!$A$2:$A$301,$A12,Facturas!$H$2:$H$301,">90")) | G12: =IF($A12="","",SUM(B12:F12))
A13: =IF(Clientes!A9="","",Clientes!A9) | B13: =IF($A13="","",SUMIFS(Facturas!$G$2:$G$301,Facturas!$A$2:$A$301,$A13,Facturas!$H$2:$H$301,"0")) | C13: =IF($A13="","",SUMIFS(Facturas!$G$2:$G$301,Facturas!$A$2:$A$301,$A13,Facturas!$H$2:$H$301,">=1",Facturas!$H$2:$H$301,"<=30")) | D13: =IF($A13="","",SUMIFS(Facturas!$G$2:$G$301,Facturas!$A$2:$A$301,$A13,Facturas!$H$2:$H$301,">=31",Facturas!$H$2:$H$301,"<=60")) | E13: =IF($A13="","",SUMIFS(Facturas!$G$2:$G$301,Facturas!$A$2:$A$301,$A13,Facturas!$H$2:$H$301,">=61",Facturas!$H$2:$H$301,"<=90")) | F13: =IF($A13="","",SUMIFS(Facturas!$G$2:$G$301,Facturas!$A$2:$A$301,$A13,Facturas!$H$2:$H$301,">90")) | G13: =IF($A13="","",SUM(B13:F13))
A14: =IF(Clientes!A10="","",Clientes!A10) | B14: =IF($A14="","",SUMIFS(Facturas!$G$2:$G$301,Facturas!$A$2:$A$301,$A14,Facturas!$H$2:$H$301,"0")) | C14: =IF($A14="","",SUMIFS(Facturas!$G$2:$G$301,Facturas!$A$2:$A$301,$A14,Facturas!$H$2:$H$301,">=1",Facturas!$H$2:$H$301,"<=30")) | D14: =IF($A14="","",SUMIFS(Facturas!$G$2:$G$301,Facturas!$A$2:$A$301,$A14,Facturas!$H$2:$H$301,">=31",Facturas!$H$2:$H$301,"<=60")) | E14: =IF($A14="","",SUMIFS(Facturas!$G$2:$G$301,Facturas!$A$2:$A$301,$A14,Facturas!$H$2:$H$301,">=61",Facturas!$H$2:$H$301,"<=90")) | F14: =IF($A14="","",SUMIFS(Facturas!$G$2:$G$301,Facturas!$A$2:$A$301,$A14,Facturas!$H$2:$H$301,">90")) | G14: =IF($A14="","",SUM(B14:F14))
A15: =IF(Clientes!A11="","",Clientes!A11) | B15: =IF($A15="","",SUMIFS(Facturas!$G$2:$G$301,Facturas!$A$2:$A$301,$A15,Facturas!$H$2:$H$301,"0")) | C15: =IF($A15="","",SUMIFS(Facturas!$G$2:$G$301,Facturas!$A$2:$A$301,$A15,Facturas!$H$2:$H$301,">=1",Facturas!$H$2:$H$301,"<=30")) | D15: =IF($A15="","",SUMIFS(Facturas!$G$2:$G$301,Facturas!$A$2:$A$301,$A15,Facturas!$H$2:$H$301,">=31",Facturas!$H$2:$H$301,"<=60")) | E15: =IF($A15="","",SUMIFS(Facturas!$G$2:$G$301,Facturas!$A$2:$A$301,$A15,Facturas!$H$2:$H$301,">=61",Facturas!$H$2:$H$301,"<=90")) | F15: =IF($A15="","",SUMIFS(Facturas!$G$2:$G$301,Facturas!$A$2:$A$301,$A15,Facturas!$H$2:$H$301,">90")) | G15: =IF($A15="","",SUM(B15:F15))
A16: =IF(Clientes!A12="","",Clientes!A12) | B16: =IF($A16="","",SUMIFS(Facturas!$G$2:$G$301,Facturas!$A$2:$A$301,$A16,Facturas!$H$2:$H$301,"0")) | C16: =IF($A16="","",SUMIFS(Facturas!$G$2:$G$301,Facturas!$A$2:$A$301,$A16,Facturas!$H$2:$H$301,">=1",Facturas!$H$2:$H$301,"<=30")) | D16: =IF($A16="","",SUMIFS(Facturas!$G$2:$G$301,Facturas!$A$2:$A$301,$A16,Facturas!$H$2:$H$301,">=31",Facturas!$H$2:$H$301,"<=60")) | E16: =IF($A16="","",SUMIFS(Facturas!$G$2:$G$301,Facturas!$A$2:$A$301,$A16,Facturas!$H$2:$H$301,">=61",Facturas!$H$2:$H$301,"<=90")) | F16: =IF($A16="","",SUMIFS(Facturas!$G$2:$G$301,Facturas!$A$2:$A$301,$A16,Facturas!$H$2:$H$301,">90")) | G16: =IF($A16="","",SUM(B16:F16))
A17: =IF(Clientes!A13="","",Clientes!A13) | B17: =IF($A17="","",SUMIFS(Facturas!$G$2:$G$301,Facturas!$A$2:$A$301,$A17,Facturas!$H$2:$H$301,"0")) | C17: =IF($A17="","",SUMIFS(Facturas!$G$2:$G$301,Facturas!$A$2:$A$301,$A17,Facturas!$H$2:$H$301,">=1",Facturas!$H$2:$H$301,"<=30")) | D17: =IF($A17="","",SUMIFS(Facturas!$G$2:$G$301,Facturas!$A$2:$A$301,$A17,Facturas!$H$2:$H$301,">=31",Facturas!$H$2:$H$301,"<=60")) | E17: =IF($A17="","",SUMIFS(Facturas!$G$2:$G$301,Facturas!$A$2:$A$301,$A17,Facturas!$H$2:$H$301,">=61",Facturas!$H$2:$H$301,"<=90")) | F17: =IF($A17="","",SUMIFS(Facturas!$G$2:$G$301,Facturas!$A$2:$A$301,$A17,Facturas!$H$2:$H$301,">90")) | G17: =IF($A17="","",SUM(B17:F17))
... A65: =IF(Clientes!A61="","",Clientes!A61) | B65: =IF($A65="","",SUMIFS(Facturas!$G$2:$G$301,Facturas!$A$2:$A$301,$A65,Facturas!$H$2:$H$301,"0")) | C65: =IF($A65="","",SUMIFS(Facturas!$G$2:$G$301,Facturas!$A$2:$A$301,$A65,Facturas!$H$2:$H$301,">=1",Facturas!$H$2:$H$301,"<=30")) | D65: =IF($A65="","",SUMIFS(Facturas!$G$2:$G$301,Facturas!$A$2:$A$301,$A65,Facturas!$H$2:$H$301,">=31",Facturas!$H$2:$H$301,"<=60")) | E65: =IF($A65="","",SUMIFS(Facturas!$G$2:$G$301,Facturas!$A$2:$A$301,$A65,Facturas!$H$2:$H$301,">=61",Facturas!$H$2:$H$301,"<=90")) | F65: =IF($A65="","",SUMIFS(Facturas!$G$2:$G$301,Facturas!$A$2:$A$301,$A65,Facturas!$H$2:$H$301,">90")) | G65: =IF($A65="","",SUM(B65:F65))
A66: Total cartera | B66: =SUM(B6:B65) | C66: =SUM(C6:C65) | D66: =SUM(D6:D65) | E66: =SUM(E6:E65) | F66: =SUM(F6:F65) | G66: =SUM(G6:G65)
A67: Porcentaje | B67: =IF($G$66=0,0,B66/$G$66) | C67: =IF($G$66=0,0,C66/$G$66) | D67: =IF($G$66=0,0,D66/$G$66) | E67: =IF($G$66=0,0,E66/$G$66) | F67: =IF($G$66=0,0,F66/$G$66) | G67: =IF($G$66=0,0,G66/$G$66)

Sheet Ajustes
A1: Fecha de corte | B1: =TODAY() | C1: Es hoy. Escribe otra fecha para ver la cartera a un corte pasado.

Sheet Cómo se usa
A1: Cómo se usa esta hoja
A3: Tres pestañas que trabajan juntas:
A4: Clientes: una fila por cliente, con su NIT o cédula. El saldo y el estatus se calculan solos.
A5: Facturas: una fila por factura o cuenta de cobro, con su fecha de vencimiento. Es donde trabajas.
A6: Edades: la cartera de cada cliente repartida en corriente, 1 a 30, 31 a 60, 61 a 90 y más de 90
A7: días, con el total y el porcentaje de cada tramo. No se escribe nada en ella.
A9: Los días vencidos se cuentan desde la fecha de vencimiento hasta la fecha de corte de Ajustes, que
A10: es la de hoy. Una factura con saldo en cero sale como Pagada y deja de contar.
A12: Las columnas de gestión (último contacto, canal, compromiso y su fecha) son las que se revisan en la
A13: reunión de cartera: qué se habló, por dónde, y qué prometió el cliente. Un compromiso sin fecha no es
A14: compromiso.
A16: Los valores van en pesos colombianos, sin centavos. Los teléfonos, con +57: así Makatea los
... A22: Makatea recuerda, registra y comunica. No mueve dinero.
